 Dungeon Crawl Stone Soup version 0.27.1-33-g824d729ab1 (webtiles) character file.

Game seed: 7434941132493508710

4 KiirtyCat the Gusty (level 1, 0/7 HPs)
             Began as a Felid Air Elementalist on Dec 26, 2021.
             Slain by a jackal (3 damage)
             ... on level 1 of the Dungeon.
             The game lasted 00:01:02 (124 turns).

KiirtyCat the Gusty (Felid Air Elementalist)         Turns: 124, Time: 00:01:03

Health: 0/7        AC:  1    Str:  4    XL:     1   Next: 50%
Magic:  0/4        EV: 17    Int: 16    God:
Gold:   0          SH:  0    Dex: 16    Spells: 3/4 levels left
                                        Lives:  0   Deaths: 0

rFire    . . .     SeeInvis +   (weapon unavailable)
rCold    . . .     Faith    .   (shield unavailable)
rNeg     . . .     Spirit   .   (armour unavailable)
rPois    .         Reflect  .   (helmet unavailable)
rElec    .         Harm     .   (cloak unavailable)
rCorr    .         Rampage  .   (gloves unavailable)
Will     .....                  (boots unavailable)
Stlth    ++........             (no amulet)
HPRegen  0.02/turn              (no ring)
MPRegen  0.09/turn              (no ring)

@: quick
A: very small, claws 1, fangs 3, see invisible, speed 1, shaggy fur 1, stealthy
paws, no weapons or thrown items, no armour, multi-lived
a: no special abilities


You were on level 1 of the Dungeon.
You visited 1 branch of the dungeon, and saw 1 of its levels.

Inventory:

Scrolls
 a - a scroll of noise {unknown}
Potions
 b - a potion of attraction {unknown}


   Skills:
 + Level 2.6 Dodging
 + Level 2.6 Stealth
 + Level 2.1 Spellcasting
 + Level 0.8 Conjurations
 + Level 2.9 Air Magic


You had 3 spell levels left.
You knew the following spells:

 Your Spells              Type           Power      Damage    Failure   Level
a - Shock                 Conj/Air       28%        1d4       10%         1

Your spell library contained the following spells:

 Spells                   Type           Power      Damage    Failure   Level
 Static Discharge         Conj/Air       7%         N/A       14%         2
 Swiftness                Air            11%        N/A       19%         3
 Airstrike                Air            5%         N/A       52%         4


Dungeon Overview and Level Annotations

Branches:
Dungeon (1/15)

Altars:


Innate Abilities, Weirdness & Mutations

You have sharp claws.
You have razor-sharp teeth.
You have supernaturally acute eyesight. (SInv)
You cover ground quickly. (Speed+)
You are covered in fur. (AC +1)
Your paws help you pounce on unaware monsters.
You are incapable of wielding weapons or throwing items.
You cannot wear armour.
You gain extra lives every three experience levels.


Message History

The zap hits the jackal.
The jackal is heavily wounded.
Casting: Shock (safe; 10% risk of failure)
Confirm with . or Enter, or press ? or * to list all spells.
Aiming: Shock (safe; 10% risk of failure)
Press: ? - help, Shift-Dir - straight line, f/p - jackal
Aim: a jackal (heavily wounded, 60% to hit)
The zap hits the jackal but does no damage.
The jackal is heavily wounded.
Casting: Shock (safe; 10% risk of failure)
Confirm with . or Enter, or press ? or * to list all spells.
Aiming: Shock (safe; 10% risk of failure)
Press: ? - help, Shift-Dir - straight line, f/p - jackal
Aim: a jackal (heavily wounded, 60% to hit)
The zap misses the jackal.
Casting: Shock (safe; 10% risk of failure)
Confirm with . or Enter, or press ? or * to list all spells.
Aiming: Shock (safe; 10% risk of failure)
Press: ? - help, Shift-Dir - straight line, f/p - jackal
Aim: a jackal (moderately wounded, 60% to hit)
The zap misses the jackal.
The jackal barks!
The jackal barely misses you.
Casting: Shock (safe; 10% risk of failure)
Confirm with . or Enter, or press ? or * to list all spells.
You don't have enough magic to cast this spell.
Unknown command.
You closely miss the jackal.
The jackal is moderately wounded.
The jackal misses you.
You closely miss the jackal.
The jackal is moderately wounded.
The jackal misses you. The jackal closely misses you.
You closely miss the jackal.
The jackal is moderately wounded.
The jackal completely misses you.
You scratch the jackal.
The jackal is almost dead.
The jackal bites you.
You die...

..# ######## ..
#.# ......##.. #.#
#.......# #.#
#.......# #.#
#......†# #.#
#.......#
####.#####.......#
....h.)..+.....hh#
#####.####......@#
#.# ######### #.#
#.# ... ... .h.


You could see 2 jackals.

Vanquished Creatures
  A ball python (D:1)
  A giant cockroach (D:1)
  A goblin (D:1)
3 creatures vanquished.

Notes
Turn   | Place    | Note
-------+----------+-------------------------------------------
     0 | D:1      | KiirtyCat the Felid Air Elementalist began the quest for
                  | the Orb.
     0 | D:1      | Reached XP level 1. HP: 7/7 MP: 4/4
   124 | D:1      | Slain by a jackal

Illustrated notes

Levels and vault maps discovered:
D:1:      scummos_arrival_simple_fountains, layout_basic,
          shapermc_ecumenical_altar_venn

Action                   || total
-------------------------++-------
Melee: Unarmed           ||     8
 Cast: Shock             ||    11
Dodge: Dodged            ||     6
